 Dungeon Crawl Stone Soup version 0.25.1-2-g60ff931df9 (webtiles) character file.

Game seed: 5788967653283238754

192052 Peloso the Hoplite (level 17, 0/154 HPs)
             Began as a Minotaur Fighter on July 31, 2020.
             Was the Champion of Okawaru.
             Slain by a nine-headed hydra (6 damage)
             ... called by a spriggan druid
             ... on level 4 of the Swamp.
             The game lasted 01:41:52 (34258 turns).

Peloso the Hoplite (Minotaur Fighter)              Turns: 34258, Time: 01:41:59

Health: 0/154      AC: 26    Str: 41    XL:     17   Next: 59%
Magic:  37/37      EV: 15    Int:  5    God:    Okawaru [******]
Gold:   1492       SH: 28    Dex: 13    Spells: 16/16 levels left

rFire    + . .     SeeInvis .   a - +4 double sword (venom)
rCold    x . .     Gourm    .   V - +0 tower shield {reflect}
rNeg     . . .     Faith    .   B - +4 swamp dragon scales of an ossuary {rElec rPois MP+9}
rPois    +         Spirit   .   (helmet restricted)
rElec    +         Reflect  +   R - +2 cloak {rCorr}
rCorr    +         Harm     .   g - +2 pair of gloves {Str+3}
MR       +....                  K - +2 pair of boots {Fly}
Stlth    ++........             n - amulet "Koreinta" {rPois Regen+ MP+9}
HPRegen  0.75/turn              P - +6 ring of strength
MPRegen  0.25/turn              q - ring "Demonwenk" {Fire rPois Str+7}

@: about to teleport, flying
A: retaliatory headbutt, horns 2
}: 1/15 runes: decaying
a: Heroism, Finesse, Renounce Religion, Stop Flying


You were on level 4 of the Swamp.
You worshipped Okawaru.
Okawaru was exalted by your worship.
You were hungry.

You visited 6 branches of the dungeon, and saw 28 of its levels.
You also visited: Ice Cave.

You collected 6110 gold pieces.
You spent 4618 gold pieces at shops.

Inventory:

Hand Weapons
 a - a +4 double sword of venom (weapon)
 b - a +3 falchion of draining
 F - a +1 dagger of flaming
Missiles
 p - 19 bolts
Armour
 g - a +2 pair of gloves of strength (worn)
 w - the +1 pair of boots "Vevofewu" {rElec rC+ Regen+ Int-5}
   (You found it on level 2 of the Spider Nest)

   It affects your intelligence (-5).
   It protects you from cold.
   It insulates you from electricity.
   It increases your rate of regeneration.
 B - the +4 swamp dragon scales of an ossuary (worn) {rElec rPois MP+9}
   (You bought it in a shop on level 2 of the Orcish Mines)

   It insulates you from electricity.
   It protects you from poison.
   It affects your magic capacity (+9).
 J - +0 swamp dragon scales
 K - a +2 pair of boots of flying (worn)
 M - +2 shadow dragon scales
 R - a +2 cloak of preservation (worn)
 V - a +0 tower shield of reflection (worn)
 W - a +2 chain mail of magic resistance
 X - a +0 cloak of poison resistance
Jewellery
 i - an uncursed ring of stealth {unknown}
 l - a +6 ring of dexterity
 n - the amulet "Koreinta" (around neck) {rPois Regen+ MP+9}
   (You took it off an orc warrior on level 9 of the Dungeon)

   [amulet of regeneration]

   It protects you from poison.
   It affects your magic capacity (+9).
   It increases your rate of regeneration.
 q - the ring "Demonwenk" (right hand) {Fire rPois Str+7}
   (You found it on level 1 of the Lair of Beasts)

   [ring of fire]

   It enhances your fire magic.
   It affects your strength (+7).
   It protects you from fire.
   It makes you vulnerable to cold.
   It protects you from poison.
 s - a +4 ring of protection
 C - an uncursed ring of ice
 O - an uncursed ring of see invisible
 P - a +6 ring of strength (left hand)
Wands
 o - a wand of digging (1)
 I - a wand of enslavement (8)
Scrolls
 c - 2 scrolls of acquirement
 j - 8 scrolls of fear
 u - 3 scrolls of magic mapping
 v - a scroll of enchant armour
 y - a scroll of amnesia
 z - 4 scrolls of identify
 A - 6 scrolls of remove curse
 D - 12 scrolls of teleportation
 L - 3 scrolls of fog
 Y - 4 scrolls of blinking
Potions
 d - 7 potions of might
 e - 5 potions of curing
 h - 2 potions of haste
 k - a potion of magic
 m - 2 potions of berserk rage
 r - a potion of resistance
 t - 2 potions of brilliance
 x - 6 potions of stabbing
 H - 3 potions of heal wounds
Miscellaneous
 G - a box of beasts
Comestibles
 f - 44 rations


   Skills:
 + Level 14.9 Fighting
 + Level 0.6(11.0) Short Blades
 + Level 17.6 Long Blades
 + Level 14.6 Armour
 + Level 8.2 Dodging
 + Level 3.2 Stealth
 + Level 22.4 Shields
 + Level 0.3 Unarmed Combat
 + Level 4.5 Invocations


You had 16 spell levels left.
You didn't know any spells.
Your spell library contained the following spells:

 Spells                   Type           Power        Failure   Level  Hunger
 Animate Skeleton         Necr           N/A          65%         1    ##.....
 Apportation              Tloc           #.....       65%         1    ##.....
 Corona                   Hex            #......      65%         1    ##.....
 Magic Dart               Conj           #...         65%         1    ##.....
 Sandblast                Erth           #.....       65%         1    ##.....
 Summon Butterflies       Summ           #.......     65%         1    ##.....
 Summon Small Mammal      Summ           #...         65%         1    ##.....
 Blink                    Tloc           N/A          80%         2    ###....
 Call Imp                 Summ           #.......     80%         2    ###....
 Ensorcelled Hibernation  Hex/Ice        #.....       80%         2    ###....
 Passwall                 Tmut/Erth      #.......     80%         2    ###....
 Slow                     Hex            #.......     80%         2    ###....
 Confusing Touch          Hex            #.......     95%         3    ####...
 Conjure Flame            Conj/Fire      #.......     95%         3    ####...
 Dazzling Flash           Conj/Hex       #.....       95%         3    ####...
 Gell's Gravitas          Tloc           #.........   95%         3    ####...
 Lesser Beckoning         Tloc           #.........   95%         3    ####...
 Mephitic Cloud           Conj/Pois/Air  #.......     95%         3    ####...
 Stone Arrow              Conj/Erth      #.....       95%         3    ####...
 Tukima's Dance           Hex            #.......     95%         3    ####...
 Petrify                  Tmut/Erth      #.......     100%        4    #####..
 Alistair's Intoxication  Tmut/Pois      #.......     100%        5    ######.
 Irradiate                Conj/Tmut      #.........   100%        5    ######.
 Lee's Rapid Deconstruct  Erth           #.........   100%        5    ######.
 Metabolic Englaciation   Hex/Ice        #.........   100%        5    ######.
 Yara's Violent Unravell  Hex/Tmut       #.........   100%        5    ######.
 Hydra Form               Tmut           #.........   100%        6    #######
 Invisibility             Hex            #.......     100%        6    #######
 Statue Form              Tmut/Erth      #........    100%        6    #######
 Dragon Form              Tmut           #.........   100%        7    #######


Dungeon Overview and Level Annotations

Branches:
Dungeon (15/15)            Temple (1/1) D:4            Lair (3/6) D:8
  Swamp (4/4) Lair:2       Spider (3/4) Lair:2          Orc (2/2) D:9
    Elf (0/3) Orc:2        Vaults (0/5) D:13         Depths (0/5) D:15
  IceCv (visited)

Altars:
Ashenzari
Cheibriados
Dithmenos
Elyvilon
Fedhas
Gozag
Kikubaaqudgha
Makhleb
Nemelex Xobeh
Okawaru
Ru
Sif Muna
Trog
Uskayaw
Vehumet
Wu Jian
Xom
Yredelemnul
Zin
The Shining One
Beogh

Shops:
D:9 :   D:11 (   D:12 *=   Orc:2 ([?[[

Portals:
Trove: D:15 (show abyssal rune of Zot)

Annotations:
D:10 Josephine
Lair:3 Casa


Innate Abilities, Weirdness & Mutations

You reflexively headbutt those who attack you in melee.
You have a pair of horns on your head.


Message History

* * * LOW HITPOINT WARNING * * *
You block the nine-headed hydra's attack.
The nine-headed hydra closely misses you.
The nine-headed hydra bites you but does no damage.
The nine-headed hydra bites you!
* * * LOW HITPOINT WARNING * * *
The nine-headed hydra closely misses you.
You barely miss the thorn hunter. Your headbutt misses the thorn hunter.
The thorn hunter is heavily damaged.
You block the spiny frog's attack. x2; You block the thorn hunter's attack.
The thorn hunter hits you!
* * * LOW HITPOINT WARNING * * *
You block the swamp dragon's attack. x3
The nine-headed hydra barely misses you.
You furiously retaliate!
You headbutt the nine-headed hydra.
The nine-headed hydra bites you but does no damage. x4
The nine-headed hydra bites you.
* * * LOW HITPOINT WARNING * * *
The nine-headed hydra bites you.
You die...

..§..♣≈≈..♣≈≈≈..≈♣
♣..♣♣§≈♣♣♣≈≈≈≈≈.≈♣♣ ♣♣.
♣♣♣♣♣♣♣≈≈≈≈≈≈≈..≈.♣
♣..≈
♣♣...♣♣≈≈≈.≈≈.♣.≈.♣♣.≈≈
♣≈≈≈≈≈♣.≈[♣≈.≈≈.≈.....
..≈≈.≈♣♣≈♣♣≈...≈≈≈.≈♣♣
≈≈..♣♣♣♣♣...≈≈.≈≈.≈≈.♣
≈..≈♣♣♣♣≈≈≈.≈≈.DFf≈≈.♣
.≈≈≈.♣♣≈≈≈≈.♣♣♣F@D≈≈.♣
.≈≈.≈♣♣.≈≈≈♣♣ ♣.≈≈≈≈.♣
≈.≈≈≈≈♣≈.≈♣♣ ♣♣$...♣♣
§≈≈≈≈≈≈♣♣♣♣ ♣♣♣.≈♣
≈≈≈≈≈≈♣♣ ♣≈.♣ ≈....♣♣
♣♣♣♣ ≈≈.≈♣♣ ≈.≈♣♣ .≈♣♣


You could see a thorn hunter (very poisoned), a nine-headed hydra (strong, very
poisoned), a swamp dragon (strong) and 2 spiny frogs.

Vanquished Creatures
  Frances (D:12)
  Kirke (D:12)
  3 thorn hunters
  Agnes (Spider:3)
  The ghost of UnDebs the Fencer, an adept FoGl of Okawaru (Swamp:3)
  Roxanne (Swamp:4)
  The ghost of Qikiaf the Brawler, a journeyman TrMo of Ru (Spider:2)
  3 emperor scorpions
  A fire giant (D:15)
  A very ugly thing (Swamp:2)
  3 entropy weavers
  The ghost of Morbidden the Thaumaturge, a journeyman DrCj of Vehumet (Lair:1)
  Snorg (Orc:1)
  An ettin (Orc:2)
  A rakshasa (D:14)
  4 vault guards (D:13)
  Erolcha (D:12)
  16 hydras
  3 centaur warriors
  An ice dragon (Lair:1)
  A catoblepas (D:14)
  2 shambling mangroves
  A ghost crab (Swamp:1)
  A death knight (D:13)
  The ghost of Lipposergh the Cleaver, a novice MiBe of Trog (D:11)
  10 alligators
  3 two-headed ogres
  3 death yaks (Lair:2)
  A tengu warrior (D:12)
  3 orc high priests (Orc:2)
  Nergalle (D:10)
  4 unseen horrors
  3 spriggan druids
  A deep elf archer (D:15)
  9 swamp dragons (Swamp:4)
  3 lindwurms (Swamp:4)
  6 orc knights (Orc:2)
  5 orc sorcerers (Orc:2)
  10 orb spiders
  3 deep elf magi
  An oklob plant (Lair:2)
  21 wolf spiders
  31 ugly things
  7 cyclopes
  A moth of wrath (Spider:1)
  A manticore (D:14)
  A black mamba (Lair:3)
  10 elephants
  4 torpor snails
  10 spiny frogs
  A centaur skeleton (D:13)
  2 ice statues (IceCv)
  5 kobold demonologists
  2 komodo dragons (Lair:2)
  5 demonic crawlers
  6 rime drakes
  A freezing wraith (D:15)
  A tengu conjurer (D:15)
  37 jumping spiders
  7 trolls
  9 tyrant leeches
  15 hornets
  A hornet (shapeshifter) (D:9)
  Grinder (D:4)
  4 hippogriffs
  14 slime creatures
  6 bog bodies
  10 blink frogs (Lair:3)
  Sigmund (D:4)
  A spriggan (shapeshifter) (D:14)
  A redback (shapeshifter) (D:13)
  65 redbacks
  A vampire (D:15)
  4 spriggans (Swamp:3)
  25 tarantellas
  A hog (D:12)
  29 yaks
  A wyvern (D:12)
  3 shadows
  6 wraiths
  6 basilisks
  4 hungry ghosts
  17 vampire mosquitoes
  2 wargs
  14 swamp worms
  3 acid dragons
  A soldier ant (D:9)
  A hydra simulacrum (Lair:1)
  6 porcupines
  7 water moccasins
  26 orc warriors
  15 swamp drakes
  10 ice beasts
  3 sky beasts
  3 necrophages
  20 ogres
  2 phantoms (D:9)
  11 wolves
  23 centaurs
  12 crocodiles
  16 big kobolds
  15 bullfrogs
  15 killer bees
  4 scorpions
  A dream sheep simulacrum (Lair:1)
  3 howler monkeys
  9 wights
  2 electric eels (Lair:3)
  7 crimson imps
  4 centaur zombies
  4 quasits
  3 bullfrog zombies
  5 jellies
  A gnoll shaman (D:6)
  6 hounds
  19 orc priests
  3 bullfrog skeletons
  23 orc wizards
  2 water moccasin simulacra (Lair:1)
  4 iguanas
  13 worker ants
  A wolf simulacrum (Lair:1)
  A hound zombie (D:8)
  2 hound skeletons (D:6)
  2 howler monkey skeletons
  13 gnolls
  A crocodile simulacrum (Lair:1)
  20 adders
  7 shadow imps
  3 oozes
  2 adder zombies (D:5)
  3 worms
  2 dart slugs
  4 leopard geckos
  74 orcs
  5 giant cockroaches
  9 goblins
  11 hobgoblins
  7 jackals (D:7)
  25 kobolds
  9 quokkas
  6 ball pythons
  12 bats
  7 frilled lizards
  2 leopard gecko skeletons
  8 rats
  2 briar patches (Swamp:3)
  5 bushes (Lair:2)
  3 plants (Lair:2)
1060 creatures vanquished.

Vanquished Creatures (others)
  A jumping spider (Spider:2)
  A centaur (D:14)
  A crimson imp (D:15)
  An orc wizard (Orc:2)
  3 briar patches (Swamp:3)
  9 fungi
  A withered plant (Swamp:3)
17 creatures vanquished.

Grand Total: 1077 creatures vanquished

Notes
Turn   | Place    | Note
-------+----------+-------------------------------------------
     0 | D:1      | Peloso the Minotaur Fighter began the quest for the Orb.
     0 | D:1      | Reached XP level 1. HP: 19/19 MP: 0/0
   168 | D:1      | Reached XP level 2. HP: 24/27 MP: 1/1
   256 | D:1      | Reached skill level 4 in Shields
   816 | D:2      | Reached XP level 3. HP: 31/33 MP: 2/2
  1238 | D:2      | Reached skill level 1 in Dodging
  1238 | D:2      | Reached XP level 4. HP: 40/40 MP: 1/3
  2209 | D:3      | Reached XP level 5. HP: 41/46 MP: 4/4
  2463 | D:3      | Found a shimmering blue altar of Sif Muna.
  2661 | D:4      | Noticed Grinder
  2662 | D:4      | Reached skill level 5 in Shields
  2671 | D:4      | Paralysed by Grinder for 6 turns
  2684 | D:4      | Killed Grinder
  2684 | D:4      | Reached XP level 6. HP: 30/53 MP: 2/5
  2821 | D:4      | Found a staircase to the Ecumenical Temple.
  2830 | Temple   | Entered the Ecumenical Temple
  2834 | Temple   | Became a worshipper of Warmaster Okawaru
  2868 | D:4      | Reached skill level 5 in Armour
  3032 | D:4      | Reached skill level 5 in Long Blades
  3153 | D:4      | Noticed Sigmund
  3167 | D:4      | Killed Sigmund
  3167 | D:4      | Reached * piety under Okawaru
  3167 | D:4      | Reached skill level 6 in Shields
  3167 | D:4      | Reached XP level 7. HP: 60/60 MP: 6/6
  3927 | D:5      | Entered Level 5 of the Dungeon
  4245 | D:5      | Reached skill level 5 in Fighting
  4314 | D:5      | Reached XP level 8. HP: 47/68 MP: 7/7
  4326 | D:5      | Reached ** piety under Okawaru
  4798 | D:5      | Reached skill level 7 in Shields
  6433 | D:7      | Reached XP level 9. HP: 75/75 MP: 8/8
  6449 | D:7      | Got a twisted scale mail
  6460 | D:7      | Identified the +1 scale mail "Guel" {Str+3} (You found it
                  | on level 7 of the Dungeon)
  6506 | D:7      | Reached *** piety under Okawaru
  6506 | D:7      | Reached skill level 8 in Shields
  7063 | D:7      | Reached skill level 1 in Stealth
  7633 | D:8      | Reached **** piety under Okawaru
  7636 | D:8      | Reached skill level 9 in Shields
  7653 | D:8      | Reached skill level 10 in Long Blades
  7696 | D:8      | Reached ***** piety under Okawaru
  7696 | D:8      | Reached XP level 10. HP: 46/84 MP: 9/9
  7787 | D:8      | Found a staircase to the Lair.
  8105 | D:8      | Found a shimmering altar of Xom.
  8113 | D:8      | Found a sacrificial altar of Ru.
  8114 | D:8      | Found a snail-covered altar of Cheibriados.
  8452 | D:8      | Reached skill level 10 in Shields
  8601 | D:8      | Reached skill level 1 in Invocations
  8870 | D:9      | Found a staircase to the Orcish Mines.
  9361 | D:9      | Found a sparkling altar of Nemelex Xobeh.
  9680 | D:9      | Noticed a cyan ugly thing
  9697 | D:9      | Killed a cyan ugly thing
  9697 | D:9      | Reached ****** piety under Okawaru
  9697 | D:9      | Received a gift from Okawaru
  9697 | D:9      | Reached skill level 11 in Shields
  9914 | D:9      | Reached XP level 11. HP: 88/94 MP: 10/10
 10218 | D:9      | Identified the amulet "Koreinta" {rPois Regen+ MP+9}
 10223 | D:9      | Identified the +4 spear of Welfare {drain, Dex+3 Stlth+}
 10236 | D:9      | Reached skill level 10 in Armour
 10601 | D:9      | Found Nopext's Book Shoppe.
 10745 | D:9      | Found a shadowy altar of Dithmenos.
 11061 | D:10     | Entered Level 10 of the Dungeon
 11523 | D:10     | Found a runed translucent gate.
 11525 | D:10     | Found a runed translucent gate.
 11525 | D:10     | Found a runed translucent gate.
 11526 | D:10     | Noticed Lipposergh's ghost (novice MiBe)
 11725 | D:10     | Killed an unseen horror
 11725 | D:10     | Reached skill level 12 in Shields
 12143 | D:10     | Noticed Nergalle
 12155 | D:10     | Killed Nergalle
 12472 | D:11     | Noticed an eight-headed hydra
 12483 | D:10     | Received a gift from Okawaru
 12592 | Lair:1   | Entered Level 1 of the Lair of Beasts
 12700 | Lair:1   | Found a runed translucent gate.
 12700 | Lair:1   | Found a runed translucent gate.
 12700 | Lair:1   | Found a runed translucent gate.
 12794 | Lair:1   | Noticed Morbidden's ghost (journeyman DrCj)
 12795 | Lair:1   | Noticed an ice dragon
 13371 | Lair:1   | Reached XP level 12. HP: 80/105 MP: 12/12
 13436 | Lair:1   | Reached skill level 13 in Shields
 13685 | Lair:2   | Received a gift from Okawaru
 13813 | Lair:2   | Noticed a seven-headed hydra
 13887 | Lair:2   | Found a blossoming altar of Fedhas.
 14131 | D:11     | Noticed Josephine
 14177 | Orc:1    | Entered Level 1 of the Orcish Mines
 14184 | Orc:1    | Noticed a two-headed ogre
 14217 | D:9      | Killed a two-headed ogre
 14439 | Orc:2    | Entered Level 2 of the Orcish Mines
 14439 | Orc:2    | Found Suqif's Antique Armour Boutique.
 14439 | Orc:2    | Noticed Snorg
 14447 | Orc:1    | Killed Snorg
 14488 | Orc:2    | Bought a runed tower shield for 142 gold pieces
 14541 | Orc:2    | Found a roughly hewn altar of Beogh.
 14602 | Orc:2    | Noticed an ettin
 14610 | Orc:2    | Killed an ettin
 14610 | Orc:2    | Reached skill level 10 in Fighting
 14691 | Orc:2    | Reached skill level 14 in Shields
 14840 | Orc:2    | Paralysed by an orc sorcerer for 4 turns
 14949 | Orc:2    | Found a staircase to the Elven Halls.
 15232 | Orc:2    | Noticed an orc high priest
 15242 | Orc:2    | Paralysed by an orc sorcerer for 6 turns
 15280 | Orc:2    | Found Xuleb's Magic Scroll Shop.
 15280 | Orc:2    | Found Qudics's Antique Armour Shoppe.
 15280 | Orc:2    | Found Rirunu's Weapon Shop.
 15280 | Orc:2    | Found Paubud's Antique Armour Shoppe.
 15280 | Orc:2    | Noticed an orc high priest
 15280 | Orc:2    | Noticed an orc high priest
 15484 | Orc:2    | Paralysed by an orc sorcerer for 5 turns
 15581 | Orc:2    | Killed an orc high priest
 15586 | Orc:2    | Killed an orc high priest
 15586 | Orc:2    | Reached XP level 13. HP: 51/114 MP: 14/14
 15693 | Orc:2    | Paralysed by an orc sorcerer for 6 turns
 15856 | Orc:2    | Reached skill level 15 in Shields
 15946 | Orc:2    | Received a gift from Okawaru
 16000 | Orc:2    | Bought a fine chain mail for 275 gold pieces
 16013 | Orc:2    | Identified the cursed +0 chain mail "Juiderudum" {*Drain
                  | rF++ rN+} (You bought it in a shop on level 2 of the Orcish
                  | Mines)
 17085 | Orc:2    | Bought a scroll of acquirement for 832 gold pieces
 17088 | Orc:2    | Acquired 1710 gold pieces
 17095 | Orc:2    | Bought 2 scrolls of acquirement for 1664 gold pieces
 17097 | Orc:2    | Acquired 620 gold pieces
 17543 | D:11     | Killed Lipposergh's ghost
 17686 | D:11     | Found a basalt altar of Yredelemnul.
 17772 | D:11     | Found Nuyle's Weapon Shop.
 17791 | D:11     | Reached skill level 16 in Shields
 18248 | D:12     | Noticed Erolcha
 18269 | D:12     | Killed Erolcha
 18352 | D:12     | Found Deruul's Assorted Antiques.
 18357 | D:12     | Found Zuevi's Jewellery Emporium.
 18360 | D:12     | Noticed Kirke
 18385 | D:12     | Killed Kirke
 18809 | Lair:2   | Found a staircase to the Swamp.
 19071 | Lair:2   | Found a hole to the Spider Nest.
 19911 | Lair:3   | Reached XP level 14. HP: 124/124 MP: 15/15
 19941 | Lair:2   | Reached skill level 17 in Shields
 20941 | D:13     | Received a gift from Okawaru
 20956 | D:13     | Noticed Frances
 20989 | D:12     | Killed Frances
 21633 | D:13     | Found a gate to the Vaults.
 21692 | D:13     | Reached skill level 15 in Long Blades
 21755 | D:13     | Reached skill level 18 in Shields
 22658 | Lair:3   | Reached skill level 5 in Dodging
 23952 | D:14     | Received a gift from Okawaru
 24098 | D:14     | Found a frozen archway.
 24109 | IceCv    | Entered an ice cave
 24123 | IceCv    | Reached XP level 15. HP: 134/134 MP: 17/17
 24139 | IceCv    | Found a transporter.
 24166 | IceCv    | Found a transporter.
 24444 | D:14     | Got a slimy battleaxe
 24446 | D:14     | Identified the +11 battleaxe "Xalukitu" {drain, rPois
                  | Int+4} (You found it on level 14 of the Dungeon)
 24646 | D:15     | Entered Level 15 of the Dungeon
 24648 | D:15     | Noticed a fire giant
 25746 | Lair:1   | Reached skill level 19 in Shields
 25760 | Lair:1   | Killed Morbidden's ghost
 25788 | Lair:1   | Got the ring "Demonwenk" {Fire}
 25840 | Lair:1   | Identified the ring "Demonwenk" {Fire rPois Str+7} (You
                  | found it on level 1 of the Lair of Beasts)
 25861 | Lair:1   | Received a gift from Okawaru
 26364 | D:15     | Found a staircase to the Depths.
 26411 | D:15     | Killed a fire giant
 26952 | D:15     | Received a gift from Okawaru
 27304 | D:15     | Found a portal to a secret trove of treasure.
 27952 | Swamp:1  | Entered Level 1 of the Swamp
 28420 | Swamp:1  | Noticed a thorn hunter
 28430 | Swamp:1  | Killed a thorn hunter
 28430 | Swamp:1  | Received a gift from Okawaru
 28435 | Swamp:1  | Got a masterwork scimitar {god gift}
 28436 | Swamp:1  | Identified the +2 scimitar of Squeaky Action {drain, rC-
                  | rN+ Dex+3} (Okawaru gifted it to you on level 1 of the
                  | Swamp)
 28888 | Swamp:2  | Reached skill level 20 in Shields
 29086 | Swamp:2  | Reached XP level 16. HP: 144/144 MP: 18/18
 29497 | Spider:1 | Entered Level 1 of the Spider Nest
 29604 | Spider:1 | Received a gift from Okawaru
 29812 | Spider:1 | HP: 5/145 [wolf spider (8)]
 30456 | Spider:2 | Reached skill level 21 in Shields
 30498 | Spider:2 | Received a gift from Okawaru
 30717 | Spider:2 | Got a pair of shimmering boots
 30728 | Spider:2 | Identified the +1 pair of boots "Vevofewu" {rElec rC+
                  | Regen+ Int-5} (You found it on level 2 of the Spider Nest)
 30728 | Spider:2 | Lost intelligence.
 31337 | Spider:2 | Found a runed translucent door.
 31337 | Spider:2 | Noticed Qikiaf's ghost (journeyman TrMo)
 31351 | Spider:2 | Killed Qikiaf's ghost
 31643 | Spider:3 | Acquired 1020 gold pieces
 31821 | Spider:3 | Noticed Agnes
 31841 | Spider:3 | Killed Agnes
 31887 | Spider:3 | Reached XP level 17. HP: 153/154 MP: 19/19
 32399 | Orc:2    | Bought pitted swamp dragon scales for 1705 gold pieces
 32411 | Orc:2    | Identified the +4 swamp dragon scales of an ossuary {rElec
                  | rPois MP+9} (You bought it in a shop on level 2 of the
                  | Orcish Mines)
 32711 | Swamp:3  | Received a gift from Okawaru
 32902 | Swamp:3  | Found a runed translucent door.
 32917 | Swamp:3  | Noticed UnDebs's ghost (adept FoGl)
 32975 | Swamp:3  | Killed UnDebs's ghost
 32975 | Swamp:3  | Reached skill level 22 in Shields
 33369 | Swamp:4  | Entered Level 4 of the Swamp
 33752 | Swamp:4  | Received a gift from Okawaru
 33890 | Swamp:4  | Identified Roxanne's Handbook of Transformation
 33890 | Swamp:4  | Noticed Roxanne
 33908 | Swamp:4  | Killed Roxanne
 34167 | Swamp:4  | Got a decaying rune of Zot
 34258 | Swamp:4  | HP: 6/154 [nine-headed hydra[a spriggan druid] (2)]
 34258 | Swamp:4  | Slain by a nine-headed hydra

Illustrated notes

Levels and vault maps discovered:
D:1:      saegor_arrival_miasma, layout_basic, item_on_display_a
D:2:      layout_rooms
D:3:      layout_basic, lemuel_coloured_pillars_altar, chequers_avenue
D:4:      layout_loops_corners, minmay_temple_entry_antechambers, uniq_sigmund,
          uniq_grinder
D:5:      layout_layer_cave, first_ration, minmay_fractal_squares_5
D:6:      layout_rooms, minivault_22
D:7:      layout_gridville, lemuel_flamethrower_2
D:8:      layout_loops_ring, nicolae_overflow_hidden_temple,
          minmay_lair_entry_grove
D:9:      hangedman_cross_cluster, layout_long_grid,
          nemelex_xobeh_ov_fountains_minmay, kennysheep_little_box,
          kennysheep_orc_monster_closet_entryway, serial_shops,
          nicolae_shop_crystal, hangedman_pestilent_swarm
D:10:     layout_stronghold, gammafunk_ghost_nasty_kobolds, uniq_nergalle
D:11:     layout_rooms, serial_shops, shop, yredelemnul_altar_generic,
          uniq_josephine
D:12:     layout_basic, serial_shops, shop, shop, kennysheep_generic_room_9,
          uniq_kirke, uniq_erolcha
D:13:     layout_basic, lightli_vaults_fourway_checkpoint,
          eino_small_chamber_without_monster, uniq_frances
D:14:     layout_basic, eino_curves_04, portal_ice_cave_rime
D:15:     grunt_enter_depths_giant_problem, layout_small_grid,
          nicolae_trove_entry_diagonal, minmay_misc_feat_secret_circle
Temple:   nicolae_temple_x_marks_the_god
Lair:1:   layout_regular_city, gammafunk_ghost_icy,
          chequers_serial_rivers_micro_d, chequers_serial_rivers_small_b
Lair:2:   layout_regular_city, swamp_mist_pool, spider_nest_entry_funnel_web,
          tgw_fedhas, serial_bayou_shore_b, serial_bayou_shore_b
Lair:3:   layout_long_grid, grunt_megastairs_4, serial_bayou_shore_a
Swamp:1:  layout_basic_swamp, nicolae_swamp_fairy_circle
Swamp:2:  layout_basic_swamp, evilmike_swamp_ruin_rubble_1,
          infiniplex_staircase_pool
Swamp:3:  layout_basic_swamp, gammafunk_ghost_grave, evilmike_swamp_ruin_house_6
Swamp:4:  swamp_alternative, layout_basic_swamp, uniq_roxanne
Spider:1: layout_spider_delve
Spider:2: nicolae_spider_mines_3, gammafunk_ghost_grave
Spider:3: layout_spider_delve, spiders_nest_hornet_nest, uniq_agnes
Orc:1:    layout_caves, mines5_lemuel
Orc:2:    grunt_orc_tribal_feast, layout_caves, serial_shops,
          nicolae_shop_overgrown_old_shop, mines2_david, uniq_snorg

Skill      XL: |  1  2  3  4  5  6  7  8  9 10 11 12 13 14 15 16 17 |
---------------+----------------------------------------------------+-----
Shields        | 4 5 6 7 9 11 12 14 16 18 20 21 22 | 22.4
Armour         | 4 5 6 7 8 9 10 11 12 13 14 | 14.6
Long Blades    | 3 4 5 6 8 10 12 13 14 15 16 17 | 17.6
Fighting       | 4 5 6 8 9 10 11 12 13 14 | 14.9
Dodging        | 1 2 3 4 5 6 7 8 |  8.2
Stealth        | 1 2 3 |  3.2
Invocations    | 1 2 3 4 |  4.5
Short Blades   | |  0.6
Unarmed Combat | |  0.3

Action                   |  1- 3 |  4- 6 |  7- 9 | 10-12 | 13-15 | 16-18 || total
-------------------------+-------+-------+-------+-------+-------+-------++-------
Melee: Long sword        |    84 |    93 |   297 |   937 |  1014 |       ||  2425
       Headbutt          |    15 |    27 |    82 |   307 |   561 |   240 ||  1232
       Unarmed           |       |       |       |       |     8 |       ||     8
       Dagger            |       |       |       |       |    15 |       ||    15
       Double sword      |       |       |       |       |   462 |   697 ||  1159
Invok: Heroism           |       |       |     1 |    27 |    29 |     2 ||    59
       Finesse           |       |       |       |     1 |     6 |       ||     7
Evoke: Wand              |       |       |       |       |     1 |     1 ||     2
  Use: Scroll            |     4 |     4 |    10 |     9 |    21 |     4 ||    52
       Potion            |     1 |       |     3 |       |     4 |     2 ||    10
 Stab: Confused          |       |       |       |       |       |     2 ||     2
       Sleeping          |       |       |       |       |       |     1 ||     1
  Eat: Chunk             |     1 |     6 |    11 |    24 |    38 |    16 ||    96
       Ration            |       |       |     1 |     1 |     2 |       ||     4
Armor: Scale mail        |    43 |    34 |       |       |       |       ||    77
       Chain mail        |       |       |    71 |       |   497 |   180 ||   748
       Plate armour      |       |       |    71 |   353 |    12 |       ||   436
       Swamp dragon scal |       |       |       |       |       |   103 ||   103
Dodge: Dodged            |    27 |    25 |    64 |   231 |   372 |   285 ||  1004
Block: Kite shield       |    71 |    65 |   178 |   521 |       |       ||   835
       Tower shield      |       |       |       |   181 |  1577 |  1099 ||  2857
       Reflection        |       |       |       |     4 |    78 |    12 ||    94
       Rpst.: Long sword |     5 |     3 |    15 |    61 |    48 |       ||   132
       Double sword      |       |       |       |       |    13 |    60 ||    73
